 Dungeon Crawl Stone Soup version 0.17-a0-1301-ga863c44 (webtiles) character file.

4517 sqallbeste the Protected (level 10, -1/79 HPs)
             Began as a Demonspawn Gladiator on June 8, 2015.
             Was a Priest of Yredelemnul.
             Slain by a komodo dragon (12 damage)
             ... on level 8 of the Dungeon.
             The game lasted 00:29:46 (10128 turns).

sqallbeste the Protected (Demonspawn Gladiator)    Turns: 10128, Time: 00:29:48

Health: -1/79      AC: 20    Str: 17    XL:     10   Next: 16%
Magic:  12/12      EV:  9    Int: 10    God:    Yredelemnul [***...]
Gold:   435        SH:  0    Dex: 20    Spells: 0 memorised, 9 levels left

rFire  . . .     SeeInvis .     m - +0 battleaxe
rCold  . . .     Clarity  .     p - +5 chain mail {rPois}
rNeg   . . .     SustAt   .     (no shield)
rPois  +         Gourm    .     (helmet restricted)
rElec  .         Spirit   .     A - +0 cloak {+Inv}
rCorr  .         Warding  .     v - +0 pair of gloves
rMut   .         Stasis   .     (no boots)
MR     .....                    (no amulet)
Stlth  ++........               s - +5 ring of dexterity
                                l - ring of wizardry

@: not resistant to hostile enchantments, unstealthy
A: antennae 1, talons 1, thin metallic scales 1, low mp 1, nightstalker 3,
screaming 1, spit poison 1
a: Spit Poison, Animate Dead, Recall Undead Slaves, Injury Mirror, Renounce
Religion, Evoke Invisibility


You were on level 8 of the Dungeon.
You worshipped Yredelemnul.
Yredelemnul was most pleased with you.
You were not hungry.

You visited 1 branch of the dungeon, and saw 8 of its levels.

You collected 435 gold pieces.

Inventory:

Hand weapons
 a - a +1 war axe
 g - a +0 mace of protection
 m - a +0 battleaxe (weapon)
 q - a +0 falchion
 y - a +0 giant club
Missiles
 d - a throwing net (quivered)
 I - 8 tomahawks
Armour
 b - a +0 leather armour
 p - a +5 chain mail of poison resistance (worn)
 v - a +0 pair of gloves (worn)
 A - a +0 cloak of invisibility (worn)
Jewellery
 l - a ring of wizardry (left hand)
 s - a +5 ring of dexterity (right hand)
 w - an uncursed amulet of stasis
 E - an uncursed ring of protection from fire
 H - an uncursed ring of positive energy
 K - an uncursed ring of magical power
Magical devices
 k - a wand of fire (4)
 G - a wand of confusion (18)
 M - a wand of heal wounds (2)
Scrolls
 c - a scroll of holy word
 h - 4 scrolls of teleportation
 i - a scroll of blinking
 D - 2 scrolls of amnesia
 F - 4 scrolls of immolation
 J - a scroll of recharging
 L - a scroll of remove curse
Potions
 f - 4 potions of lignification
 o - 3 potions of flight
 x - 2 potions of haste
 B - 2 potions of brilliance
 C - a potion of resistance
Books
 r - a book of Fire

   Spells                             Type                      Level
   a - Ignite Poison                  Fire/Transmutation/Poison    3
   b - Fireball                       Conjuration/Fire             5
   c - Bolt of Fire                   Conjuration/Fire             6
   d - Delayed Fireball               Conjuration/Fire             7
   e - Ring of Flames                 Charms/Fire                  7
Comestibles
 e - 3 bread rations
 j - 6 beef jerkies
 n - 7 fruits
 z - a meat ration
 N - 10 royal jellies


   Skills:
 + Level 7.1 Fighting
 * Level 4.1(6.1) Axes
 - Level 7.0(7.6) Maces & Flails
 - Level 1.7 Throwing
 + Level 8.1 Armour
 - Level 2.6 Dodging
 + Level 5.9 Invocations


You had 9 spell levels left.
You didn't know any spells.

Dungeon Overview and Level Annotations

Branches:
Dungeon (8/15)             Temple (0/1) D:5            Lair (0/8) D:8

Altars:
Cheibriados
Elyvilon
Gozag
Kikubaaqudgha
Makhleb
Okawaru
Qazlal
Ru
Trog
Vehumet
Xom
Yredelemnul
The Shining One

Shops:
D:6 =


Innate Abilities, Weirdness & Mutations

You have a pair of small antennae on your head.
You are partially covered in thin metallic scales (AC +2).
You are completely attuned to the shadows.
You have sharp toenails.
Your magical capacity is low (-10% MP).
You occasionally shout uncontrollably at your foes.
You can spit weak poison.


Message History

Your chain mail prevents you from hitting the komodo dragon.
The komodo dragon is heavily wounded.
The komodo dragon bites you! The komodo dragon barely misses you.
You slash the komodo dragon! Your kick misses the komodo dragon.
The komodo dragon is severely wounded.
The komodo dragon bites you!!
* * * LOW HITPOINT WARNING * * *
You hit the komodo dragon but do no damage.
You claw the komodo dragon, but do no damage.
The komodo dragon is severely wounded.
The komodo dragon bites you.
* * * LOW HITPOINT WARNING * * *
You barely miss the komodo dragon.
You claw the komodo dragon, but do no damage.
The komodo dragon is severely wounded.
The komodo dragon bites you.
* * * LOW HITPOINT WARNING * * *
The komodo dragon bites you!
You die...
Your body rises from the dead as a mindless zombie.

Z....'............#.....#......#
.....#............+.....'......#
..<..#............#.....#......#
..)..##'###...##'####...#......##
#'##..Z..####.##..####+###.......
...'[....#Z..............#.......
...#.....ZZ..............#.......
...#.....#Z.....l......ZZZ.......
.###.....#.##.##@#####.###.......
Z#.....###.##.##Z####...####+####
.#.....#........ZZ...........#...
.#.....#.....................#...
.#.....#.....................'...
.+.....+.........##.....####'####
.#.....##+######.##.....###......
.#................#.......'......
ZZ........K.......+.......#......


You could see a komodo dragon, a friendly soldier ant zombie and 2 friendly
gnoll zombies.

Vanquished Creatures
  Joseph (D:7)
  Prince Ribbit (D:7)
  Sigmund (D:3)
  2 soldier ants (D:8)
  Duvessa (D:7)
  An orc warrior (D:8)
  2 black bears
  A necrophage (D:6)
  A sky beast (D:5)
  3 ogres
  3 centaurs
  7 big kobolds
  A giant frog (D:6)
  5 killer bees (D:8)
  A scorpion (D:8)
  5 crimson imps
  A gnoll shaman (D:8)
  A giant frog zombie (D:5)
  11 orc wizards
  3 orc priests
  2 jellies
  A giant frog skeleton (D:8)
  Terence (D:2)
  7 worker ants
  A hound skeleton (D:8)
  7 adders
  7 gnolls
  3 shadow imps
  2 oozes
  4 worms
  An adder skeleton (D:4)
  2 giant geckos (D:8)
  28 orcs
  4 giant cockroaches
  12 goblins
  7 hobgoblins
  2 quokkas
  2 ball pythons
  7 bats
  A giant gecko zombie (D:5)
  4 giant newts
  5 jackals
  25 kobolds
  10 rats
197 creatures vanquished.

Vanquished Creatures (collateral kills)
  An ice beast (D:6)
  An ogre (D:8)
  A necrophage (D:7)
  An orc warrior (D:7)
  A giant frog (D:6)
  A centaur (D:7)
  2 big kobolds (D:8)
  Dowan (D:7)
  6 killer bees (D:8)
  A crimson imp (D:8)
  A worker ant (D:6)
  An iguana (D:8)
  2 gnolls (D:8)
  A shadow imp (D:7)
  An adder (D:8)
  An adder skeleton (D:8)
  An orc (D:8)
  3 bats (D:6)
  6 kobolds
  A rat (D:8)
  A plant (D:8)
35 creatures vanquished.

Vanquished Creatures (others)
  A black bear zombie (D:8)
  A human zombie (D:7)
  A soldier ant zombie (D:8)
  3 killer bee zombies (D:8)
  A scorpion zombie (D:8)
  An adder zombie (D:7)
  A worm zombie (D:8)
  A bat zombie (D:6)
  A goblin zombie (D:7)
  2 kobold zombies (D:8)
  7 orc zombies
  9 plants (D:8)
29 creatures vanquished.

Grand Total: 261 creatures vanquished

Notes
Turn   | Place    | Note
--------------------------------------------------------------
     0 | D:1      | sqallbeste the Demonspawn Gladiator began the quest for the Orb.
     0 | D:1      | Reached XP level 1. HP: 16/16 MP: 1/1
   122 | D:1      | Reached skill level 3 in Axes
   122 | D:1      | Gained mutation: You are slightly more attuned to the shadows. [demonic ancestry]
   122 | D:1      | Reached XP level 2. HP: 17/22 MP: 2/2
   650 | D:1      | You fall through a shaft!
   705 | D:2      | Noticed Terence
   731 | D:2      | Killed Terence
   731 | D:2      | Reached skill level 1 in Armour
   731 | D:2      | Gained mutation: You are significantly more attuned to the shadows. [demonic ancestry]
   731 | D:2      | Reached XP level 3. HP: 28/28 MP: 3/3
   829 | D:2      | Found a shimmering altar of Xom.
   829 | D:2      | Found a shimmering altar of Xom.
   833 | D:2      | Found a shimmering altar of Xom.
   879 | D:2      | Found a shimmering altar of Xom.
   907 | D:2      | Found a sacrificial altar of Ru.
   915 | D:2      | Reached skill level 1 in Maces & Flails
   915 | D:2      | Reached XP level 4. HP: 28/35 MP: 4/4
  1061 | D:2      | Found a radiant altar of Vehumet.
  1242 | D:2      | Found a stormy altar of Qazlal.
  1416 | D:2      | Found a basalt altar of Yredelemnul.
  1416 | D:2      | Found a white marble altar of Elyvilon.
  1424 | D:2      | Became a worshipper of Yredelemnul the Dark
  1474 | D:2      | Found a shimmering altar of Xom.
  1476 | D:2      | Found a shimmering altar of Xom.
  1477 | D:2      | Found a shimmering altar of Xom.
  1719 | D:3      | Found an opulent altar of Gozag.
  1758 | D:3      | Found a snail-covered altar of Cheibriados.
  1795 | D:3      | Gained mutation: You are completely attuned to the shadows. [demonic ancestry]
  1795 | D:3      | Reached XP level 5. HP: 41/41 MP: 5/5
  2066 | D:3      | Noticed Sigmund
  2083 | D:3      | Killed Sigmund
  2083 | D:3      | Reached skill level 4 in Fighting
  2083 | D:3      | Gained mutation: You have a pair of small antennae on your head. [demonic ancestry]
  2083 | D:3      | Reached XP level 6. HP: 33/48 MP: 6/6
  2855 | D:4      | Reached XP level 7. HP: 49/54 MP: 7/7
  3439 | D:4      | Acquired Yredelemnul's first power
  4062 | D:5      | Entered Level 5 of the Dungeon
  4122 | D:5      | Gained mutation: Your muscles are strong. (Str +2) [potion of mutation]
  4122 | D:5      | Gained mutation: You have sharp toenails. [potion of mutation]
  4122 | D:5      | Gained mutation: Your magical capacity is low (-10% MP). [potion of mutation]
  4123 | D:5      | Lost mutation: Your muscles are strong. (Str +2) [potion of mutation]
  4123 | D:5      | Gained mutation: You occasionally shout uncontrollably at your foes. [potion of mutation]
  4123 | D:5      | Gained mutation: You can spit weak poison. [potion of mutation]
  4874 | D:5      | Reached skill level 5 in Fighting
  4947 | D:5      | Reached skill level 5 in Armour
  4947 | D:5      | Reached XP level 8. HP: 55/62 MP: 7/7
  5024 | D:5      | Found a staircase to the Ecumenical Temple.
  5987 | D:6      | Reached skill level 5 in Maces & Flails
  6041 | D:6      | Reached skill level 1 in Invocations
  6058 | D:6      | Found Warufaujimm's Jewellery Boutique.
  6760 | D:7      | Noticed Joseph
  6801 | D:7      | Killed Joseph
  6801 | D:7      | Reached skill level 6 in Fighting
  6850 | D:7      | Reached XP level 9. HP: 40/69 MP: 8/9
  7338 | D:7      | Found a bloodstained altar of Trog.
  7341 | D:7      | Found an ancient bone altar of Kikubaaqudgha.
  7341 | D:7      | Found a burning altar of Makhleb.
  7342 | D:7      | Found a glowing golden altar of the Shining One.
  7385 | D:7      | Noticed Prince Ribbit
  7408 | D:7      | Killed Prince Ribbit
  7801 | D:7      | Noticed Dowan
  7802 | D:7      | Noticed Duvessa
  7819 | D:7      | Killed Duvessa
  7839 | D:7      | Killed Dowan
  8091 | D:8      | Acquired Yredelemnul's second power
  8091 | D:8      | Reached skill level 7 in Armour
  8114 | D:8      | Found an iron altar of Okawaru.
  8899 | D:8      | Reached skill level 5 in Invocations
  9080 | D:7      | Your ally Prince Ribbit died
  9484 | D:8      | Acquired Yredelemnul's third power
  9535 | D:8      | Reached skill level 8 in Armour
  9582 | D:8      | Gained mutation: You are partially covered in thin metallic scales (AC +2). [demonic ancestry]
  9582 | D:8      | Reached XP level 10. HP: 59/79 MP: 12/12
 10073 | D:8      | Found a staircase to the Lair.
 10118 | D:8      | Noticed a komodo dragon
 10128 | D:8      | Slain by a komodo dragon

Vault maps used:
D:1:      kilobyte_arrival_exit_the_forest
D:2:      lemuel_coloured_pillars_altar, xom_redecorated,
          grunt_temple_overflow_open, grunt_qazlal_sundering,
          nicolae_ru_great_annihilating_truth, uniq_terence
D:3:      cheibriados_altar_1, nicolae_overflow_crystal_walls,
          guppyfry_early_orc_mine, uniq_sigmund
D:4:      first_bread, kennysheep_another_room, minmay_misc_feat_hallway
D:5:      minmay_temple_entry_trees
D:6:      minmay_klotski, serial_shops, shop
D:7:      minitemple, uniq_joseph, uniq_duvessa, uniq_prince_ribbit1
D:8:      david_lair_shrubbed, special_room, hangedman_pestilent_swarm,
          minmay_stone_trees_small, okawaru_metal_pillars_1_2

Action                   |  1- 3 |  4- 6 |  7- 9 | 10-12 || total
-------------------------+-------+-------+-------+-------++-------
Melee: War axe           |    25 |       |    60 |    59 ||   144
       Mace              |    69 |   227 |   818 |       ||  1114
       Battleaxe         |       |       |       |     9 ||     9
Throw: Throwing net      |       |     1 |     1 |       ||     2
Invok: Animate Remains   |       |       |    19 |       ||    19
       Animate Dead      |       |       |     3 |     6 ||     9
       Recall Undead Sla |       |       |       |     1 ||     1
 Abil: Spit Poison       |       |       |    15 |       ||    15
       Evoke Invisibilit |       |       |     1 |       ||     1
  Use: Scroll            |       |     8 |    14 |       ||    22
       Potion            |       |     3 |    13 |       ||    16
 Stab: Sleeping          |     9 |       |     4 |       ||    13
       Paralysed         |     2 |       |       |       ||     2
       Held in net/web   |       |       |     1 |       ||     1
       Distracted        |       |       |     3 |     2 ||     5
       Invisible         |       |       |     1 |       ||     1
  Eat: Bread ration      |       |     2 |     1 |       ||     3
       Chunk             |       |     1 |     3 |       ||     4
       Meat ration       |       |       |     3 |     1 ||     4
       Pizza             |       |       |     1 |       ||     1
